 Dungeon Crawl Stone Soup version 0.28-a0-1518-gbe868bca14 (webtiles) character file.

Game seed: 8545618244774784306

411 comborobin the Covert (level 6, -4/53 HPs)
             Began as a Gnoll Delver on Jan 17, 2022.
             Slain by a hound (5 damage)
             ... on level 5 of the Dungeon.
             The game lasted 00:04:19 (2415 turns).

comborobin the Covert (Gnoll Delver)                Turns: 2415, Time: 00:04:20

Health: -4/53      AC:  4    Str: 10 (11) XL:     6   Next: 90%
Magic:  9/9        EV: 13    Int: 11 (12) God:
Gold:   38         SH:  0    Dex: 12 (13) Spells: 9/9 levels left

rFire   . . .      SeeInvis .   a - +0 mace
rCold   . . .      Faith    +   (no shield)
rNeg    . . .      Spirit   .   b - +0 leather armour
rPois   .          Reflect  .   (no helmet)
rElec   .          Harm     .   (no cloak)
rCorr   .          Rampage  .   h - +0 pair of gloves
Will    .....                   (no boots)
Stlth   ++++......              d - amulet of faith
HPRegen 0.17/turn               (no ring)
MPRegen 0.11/turn               (no ring)

@: no status effects
A: fangs 1, strong nose, distributed training
a: no special abilities


You were on level 5 of the Dungeon.
You visited 1 branch of the dungeon, and saw 3 of its levels.
You also visited: Sewer.

You collected 38 gold pieces.

Inventory:

Hand Weapons
 a - a +0 mace (weapon)
 k - a +1 spear of freezing
Armour
 b - a +0 leather armour (worn)
 h - a +0 pair of gloves (worn)
Jewellery
 d - an amulet of faith (around neck)
Wands
 g - a wand of digging (3)
Scrolls
 i - a scroll of identify


   Skills:
 + Level 6.9 Fighting
 + Level 2.1 Short Blades
 + Level 2.1 Long Blades
 + Level 2.1 Axes
 + Level 5.1 Maces & Flails
 + Level 2.1 Polearms
 + Level 2.1 Staves
 + Level 2.1 Slings
 + Level 2.1 Bows
 + Level 2.1 Crossbows
 + Level 2.1 Throwing
 + Level 2.1 Armour
 + Level 5.1 Dodging
 + Level 9.8 Stealth
 + Level 2.1 Shields
 + Level 2.1 Unarmed Combat
 + Level 2.1 Spellcasting
 + Level 1.7 Conjurations
 + Level 1.7 Hexes
 + Level 1.7 Summonings
 + Level 1.7 Necromancy
 + Level 1.7 Translocations
 + Level 1.7 Transmutations
 + Level 1.7 Fire Magic
 + Level 1.7 Ice Magic
 + Level 1.7 Air Magic
 + Level 1.7 Earth Magic
 + Level 1.7 Poison Magic
 + Level 2.4 Invocations
 + Level 2.1 Evocations


You had 9 spell levels left.
You didn't know any spells.
Your spell library was empty.

Dungeon Overview and Level Annotations

Branches:
Dungeon (6/15)              Sewer (visited)
 Temple: D:4-7

Altars:


Innate Abilities, Weirdness & Mutations

You have very sharp teeth.
Your uncanny sense of smell can sniff out nearby items.
Your experience applies equally to all skills.


Message History

The centaur closely misses you.
The centaur kicks you but does no damage.
Unknown command.
You thump the centaur!
The centaur is severely wounded.
The centaur hits you.
* * * LOW HITPOINT WARNING * * *
The centaur kicks you.
* * * LOW HITPOINT WARNING * * *
Unknown command.
Okay, then.
Blink to where?
Press: ? - help, Dir - move target
As you read the scroll of blinking, it crumbles to dust.
The centaur drinks a potion.
The centaur is healed!
Unknown command.
Unknown command.
Unknown command.
Blink to where?
Press: ? - help, Dir - move target An iguana comes into view.
As you read the scroll of blinking, it crumbles to dust.
You aren't carrying any potions.
As you read the scroll labelled SICUH OKINIUF, it crumbles to dust.
Your body is wracked with pain!
* * * LOW HITPOINT WARNING * * *
It was a scroll of torment.
As you read the scroll labelled RIASIE NAON, it crumbles to dust.
It is a scroll of identify.
You don't have any unidentified items.
You aren't carrying any potions.
Unknown command.
As you read the scroll of fog, it crumbles to dust.
The scroll dissolves into smoke.
A hound comes into view.
The hound barks!
You hear a shout!
The hound bites you.
* * * LOW HITPOINT WARNING * * *
The hound bites you.
You die...

∆ ..# # #.#†## #
#.##o###.#.## .##
.......... ..##
#.#.....#. # #..##∆
#.....#.#.
#.###...###...#...#.#
#.#.................#.#.
#...................#.#.
#@h# ###....... #..#
#.###.## #..# #l# #.#
#.## #.###.## #.#
#......§
#§#########.###.##
#§.§§§§§§§§.# #...
###########.# #.## #.#
#.#


You could see a hound.

Vanquished Creatures
  2 bullfrogs (Sewer)
  A water moccasin skeleton (D:5)
  2 jellies (D:5)
  A centaur skeleton (D:5)
  A bullfrog skeleton (D:5)
  An iguana (D:5)
  6 adders
  7 ball pythons (Sewer)
  7 endoplasms (Sewer)
  11 giant cockroaches
  7 quokkas (Sewer)
  6 frilled lizards (Sewer)
  A rat (D:5)
53 creatures vanquished.

Notes
Turn   | Place    | Note
-------+----------+-------------------------------------------
     0 | D:5      | Reached skill level 9 in Stealth
     0 | D:5      | comborobin the Gnoll Delver began the quest for the Orb.
     0 | D:5      | Reached XP level 1. HP: 23/23 MP: 1/1
    98 | D:5      | Noticed an iguana
   117 | D:5      | Killed an iguana
   118 | D:5      | Reached XP level 2. HP: 7/29 MP: 2/2
   118 | D:5      | Reached XP level 3. HP: 9/35 MP: 3/3
   124 | D:5      | Found a glowing drain.
   385 | D:5      | Reached skill level 1 in Short Blades
   385 | D:5      | Reached skill level 1 in Long Blades
   385 | D:5      | Reached skill level 1 in Axes
   385 | D:5      | Reached skill level 1 in Polearms
   385 | D:5      | Reached skill level 1 in Staves
   385 | D:5      | Reached skill level 1 in Slings
   385 | D:5      | Reached skill level 1 in Bows
   385 | D:5      | Reached skill level 1 in Crossbows
   385 | D:5      | Reached skill level 1 in Throwing
   385 | D:5      | Reached skill level 1 in Armour
   385 | D:5      | Reached skill level 1 in Shields
   385 | D:5      | Reached skill level 1 in Unarmed Combat
   385 | D:5      | Reached skill level 1 in Spellcasting
   385 | D:5      | Reached skill level 1 in Invocations
   385 | D:5      | Reached skill level 1 in Evocations
   385 | D:5      | Reached XP level 4. HP: 21/41 MP: 3/5
   598 | Sewer    | Entered a sewer
   728 | Sewer    | Reached skill level 1 in Conjurations
   728 | Sewer    | Reached skill level 1 in Hexes
   728 | Sewer    | Reached skill level 1 in Summonings
   728 | Sewer    | Reached skill level 1 in Necromancy
   728 | Sewer    | Reached skill level 1 in Translocations
   728 | Sewer    | Reached skill level 1 in Transmutations
   728 | Sewer    | Reached skill level 1 in Fire Magic
   728 | Sewer    | Reached skill level 1 in Ice Magic
   728 | Sewer    | Reached skill level 1 in Air Magic
   728 | Sewer    | Reached skill level 1 in Earth Magic
   728 | Sewer    | Reached skill level 1 in Poison Magic
   933 | Sewer    | Reached XP level 5. HP: 21/47 MP: 6/6
  1505 | Sewer    | Reached XP level 6. HP: 46/53 MP: 8/8
  2044 | D:5      | Reached skill level 5 in Maces & Flails
  2044 | D:5      | Reached skill level 5 in Dodging
  2132 | D:5      | Noticed an acid dragon
  2344 | D:5      | Noticed a water moccasin
  2415 | D:5      | HP: 1/53 [hound (4)]
  2415 | D:5      | Slain by a hound

Illustrated notes

Levels and vault maps discovered:
D:4:      layout_basic
D:5:      layout_basic, minmay_temple_entry_stoned_glass,
          cheibrodos_sewer_entry_drain, chequers_serial_rivers_micro_d,
          minmay_manual_mandibuliform
D:6:      layout_loops_cross, gammafunk_ghost_nasty_kobolds,
          kennysheep_generic_room_14

Skill      XL: |  1  2  3  4  5  6 |
---------------+-------------------+-----
Stealth        | |  9.8
Short Blades   | 1 2 |  2.1
Long Blades    | 1 2 |  2.1
Axes           | 1 2 |  2.1
Polearms       | 1 2 |  2.1
Staves         | 1 2 |  2.1
Slings         | 1 2 |  2.1
Bows           | 1 2 |  2.1
Crossbows      | 1 2 |  2.1
Throwing       | 1 2 |  2.1
Armour         | 1 2 |  2.1
Shields        | 1 2 |  2.1
Unarmed Combat | 1 2 |  2.1
Spellcasting   | 1 2 |  2.1
Invocations    | 1 2 |  2.4
Evocations     | 1 2 |  2.1
Conjurations   | 1 |  1.7
Hexes          | 1 |  1.7
Summonings     | 1 |  1.7
Necromancy     | 1 |  1.7
Translocations | 1 |  1.7
Transmutations | 1 |  1.7
Fire Magic     | 1 |  1.7
Ice Magic      | 1 |  1.7
Air Magic      | 1 |  1.7
Earth Magic    | 1 |  1.7
Poison Magic   | 1 |  1.7
Maces & Flails | 5 |  5.1
Dodging        | 5 |  5.1
Fighting       | |  6.9

Action                   |  1- 3 |  4- 6 || total
-------------------------+-------+-------++-------
Melee: Mace              |    30 |   192 ||   222
       Bite              |     3 |    21 ||    24
  Use: Scroll            |     1 |     7 ||     8
       Potion            |     1 |     1 ||     2
 Stab: Sleeping          |     1 |     4 ||     5
       Distracted        |       |     1 ||     1
Armor: Leather armour    |     8 |    59 ||    67
Dodge: Dodged            |    15 |   201 ||   216

Table legend: (Time is in decaauts)
 A = Elapsed time spent in this place.
 B = Non-inter-level travel time spent in this place.
 C = Inter-level travel time spent in this place.
 D = Time resting spent in this place.
 E = Time spent auto-exploring this place.
 F = Levels seen in this place.
 G = Mean time per level.
                   A        B        C        D        E       F      G
               +--------+--------+--------+--------+--------+-----+--------+
         Total |   2547 |   2547 |      0 |    956 |    782 |   4 |  636.8 |
       Dungeon |    981 |    981 |      0 |    165 |    480 |   3 |  327.0 |
         Sewer |   1565 |   1565 |      0 |    791 |    302 |   1 | 1565.0 |
               +--------+--------+--------+--------+--------+-----+--------+

Top non-repeatable levels by time:
   Sewer: 1565 daAuts
     D:5: 976 daAuts
     D:4: 2 daAuts
     D:6: 1 daAuts
